 Dungeon Crawl Stone Soup version 0.21-a0-404-g291f19a (webtiles) character file.

1841 tof the Carver (level 8, -1/71 HPs)
             Began as a Minotaur Berserker on Oct 29, 2017.
             Was an Elder of Trog.
             Slain by Xiguana's ghost (6 damage)
             ... while paralysed by Xiguana's ghost
             ... on level 6 of the Dungeon.
             The game lasted 00:14:07 (7314 turns).

tof the Carver (Minotaur Berserker)                 Turns: 7314, Time: 00:14:09

Health: -1/71      AC:  4    Str: 24    XL:     8   Next: 87%
Magic:  7/7        EV:  2    Int:  4    God:    Trog [****..]
Gold:   197        SH:  0    Dex: 10    Spells: 7/7 levels left

rFire    . . .     SeeInvis +   C - +0 long sword
rCold    . . .     Gourm    .   (no shield)
rNeg     . . .     Faith    .   q - +0 leather armour
rPois    +         Spirit   .   (helmet restricted)
rElec    .         Reflect  .   s - +0 cloak
rCorr    .         Harm     .   (no gloves)
MR       ++...                  (no boots)
Stlth    +.........             (no amulet)
HPRegen  1.21/turn              t - ring of see invisible
MPRegen  0.10/turn              v - ring of poison resistance

@: paralysed, about to teleport, berserk cooldown, regenerating, slowed, drained
A: retaliatory headbutt, horns 2
a: Berserk, Trog's Hand, Brothers in Arms, Burn Spellbooks, Renounce Religion


You were on level 6 of the Dungeon.
You worshipped Trog.
Trog was greatly pleased with you.
You were very hungry.

You visited 1 branch of the dungeon, and saw 6 of its levels.
You also visited: Sewer.

You collected 197 gold pieces.

Inventory:

Hand Weapons
 C - a +0 long sword (weapon)
Missiles
 j - 6 poisoned tomahawks (quivered)
 m - 18 poisoned needles
Armour
 q - a +0 leather armour (worn)
 s - a +0 cloak (worn)
Jewellery
 t - a ring of see invisible (left hand)
 v - a ring of poison resistance (right hand)
Wands
 w - a wand of flame (9/48)
 y - a wand of digging (10/24)
 B - a wand of enslavement (9/24)
Scrolls
 b - a scroll of blinking
 d - 2 scrolls of enchant armour
 e - 2 scrolls of remove curse
 l - a scroll of enchant weapon
 o - 2 scrolls of teleportation
 r - 3 scrolls of fog {unknown}
 x - a scroll of recharging {unknown}
 z - 2 scrolls of fear {unknown}
Potions
 f - 3 potions of curing
 g - a potion of ambrosia {unknown}
 h - 3 potions of brilliance {unknown}
 p - 3 potions of heal wounds {unknown}
 u - 2 potions of flight {unknown}
Books
 k - a book of Maledictions

   Spells                             Type                      Level
   a - Corona                         Hexes                        1
   b - Ensorcelled Hibernation        Hexes/Ice                    2
   c - Confuse                        Hexes                        3
   d - Tukima's Dance                 Hexes                        3
   e - Dazzling Spray                 Conjuration/Hexes            3
   Trog disapproves of the use of such an item.
 A - a book of Necromancy

   Spells                             Type                      Level
   a - Pain                           Necromancy                   1
   b - Animate Skeleton               Necromancy                   1
   c - Vampiric Draining              Necromancy                   3
   d - Regeneration                   Charms/Necromancy            3
   e - Animate Dead                   Necromancy                   4
   f - Control Undead                 Necromancy                   4
   Trog disapproves of the use of such an item.
Comestibles
 a - a chunk of flesh
 c - 4 bread rations
 i - 3 meat rations
 n - a fruit


   Skills:
 + Level 6.7(5.7) Fighting
 * Level 8.9(7.9) Long Blades
 + Level 4.3(3.4) Throwing
 + Level 6.0(5.0) Armour
 + Level 5.5(4.5) Dodging


You had 7 spell levels left.
You didn't know any spells.

Dungeon Overview and Level Annotations

Branches:
Dungeon (6/15)             Temple (0/1) D:6

Altars:
Ashenzari
Fedhas
Nemelex Xobeh

Annotations:
D:4 Menkaure; Xiguana's ghost, amateur GnSk
D:6 Xiguana's ghost, novice GnSk


Innate Abilities, Weirdness & Mutations

You reflexively headbutt those who attack you in melee.
You have a pair of horns on your head.


Message History

You can move again.
You hit Xiguana's ghost but do no damage.
You headbutt Xiguana's ghost, but do no damage.
Xiguana's ghost is moderately damaged.
Xiguana's ghost hits you.
You feel drained. Xiguana's ghost hits you.
You closely miss Xiguana's ghost.
You headbutt Xiguana's ghost, but do no damage.
Xiguana's ghost is moderately damaged.
Xiguana's ghost hits you. Space bends around you.
A jelly and a gnoll come into view.
The gnoll is wielding a staff of summoning.
As you read the scroll labeled YLOANN DI NASM, it crumbles to dust.
You feel strangely unstable.
It was a scroll of teleportation.
The jelly quivers.
Xiguana's ghost hits you!
* * * LOW HITPOINT WARNING * * *
You suddenly lose the ability to move!
Xiguana's ghost hits you!
* * * LOW HITPOINT WARNING * * *
You feel drained.
You die...

#.......#
#......=#
##.#....#
###....#
#....# #....#
###..#
...#####..#
.gJ...W@..#
..#.........#
#.#######....
# #.... ..§§
§§. ..


You could see a jelly, Xiguana's ghost and a gnoll.

Vanquished Creatures
  Pikel (D:5)
  A hippogriff (D:5)
  Sigmund (D:4)
  An ogre (D:4)
  A bullfrog (D:3)
  A scorpion (D:3)
  A wight (D:5)
  2 crimson imps (D:5)
  A bullfrog zombie (D:5)
  2 hounds
  Jessica (D:2)
  Ijyb (D:5)
  An iguana (D:4)
  6 orc wizards
  3 worker ants
  Robin (D:3)
  9 gnolls
  14 adders
  4 river rats
  An adder skeleton (D:3)
  9 worms
  5 dart slugs (D:3)
  3 leopard geckos
  9 orcs
  5 bats
  5 giant cockroaches
  15 goblins
  8 hobgoblins
  3 jackals (D:2)
  4 quokkas
  A ball python (D:5)
  13 frilled lizards
  9 kobolds
  A leopard gecko skeleton (D:4)
  11 rats
154 creatures vanquished.

Notes
Turn   | Place    | Note
-------+----------+-------------------------------------------
     0 | D:1      | tof the Minotaur Berserker began the quest for the Orb.
     0 | D:1      | Reached XP level 1. HP: 19/19 MP: 0/0
   557 | D:1      | Reached XP level 2. HP: 27/27 MP: 1/1
   562 | D:1      | Reached skill level 4 in Long Blades
  1001 | D:2      | Reached XP level 3. HP: 29/33 MP: 2/2
  1077 | D:2      | Reached skill level 1 in Throwing
  1218 | D:2      | Reached XP level 4. HP: 35/40 MP: 3/3
  1236 | D:2      | Reached ** piety under Trog
  1471 | D:2      | Found a blossoming altar of Fedhas.
  1656 | D:2      | Noticed Jessica
  1666 | D:2      | Killed Jessica
  1666 | D:2      | Reached skill level 5 in Long Blades
  1666 | D:2      | Reached XP level 5. HP: 14/47 MP: 4/4
  3470 | D:3      | Reached *** piety under Trog
  3487 | D:3      | Reached XP level 6. HP: 38/53 MP: 5/5
  3746 | D:3      | Noticed Robin
  3770 | D:3      | Killed Robin
  4040 | D:3      | Found a shattered altar of Ashenzari.
  4338 | D:4      | Reached skill level 6 in Long Blades
  4373 | D:4      | Noticed Xiguana's ghost (amateur GnSk)
  4471 | D:4      | Reached skill level 5 in Fighting
  4849 | D:4      | Noticed Sigmund
  4856 | D:4      | Killed Sigmund
  4856 | D:4      | Reached XP level 7. HP: 61/61 MP: 6/6
  4972 | D:4      | Noticed Menkaure
  5491 | D:3      | Reached skill level 7 in Long Blades
  5567 | D:5      | Entered Level 5 of the Dungeon
  5658 | D:5      | Noticed a hippogriff
  5661 | D:5      | Killed a hippogriff
  5661 | D:5      | Reached skill level 5 in Armour
  5736 | D:5      | Reached **** piety under Trog
  5736 | D:5      | Reached XP level 8. HP: 70/70 MP: 7/7
  5751 | D:5      | Noticed Ijyb
  5770 | D:5      | Killed Ijyb
  6193 | D:5      | Noticed Pikel
  6204 | D:5      | Killed Pikel
  6204 | D:5      | Reached skill level 8 in Long Blades
  6204 | D:5      | Reached skill level 5 in Dodging
  6277 | D:5      | Found a sparkling altar of Nemelex Xobeh.
  6701 | D:6      | Received a gift from Trog
  6854 | D:6      | Found a glowing drain.
  6961 | Sewer    | Entered a sewer
  7299 | D:6      | Noticed Xiguana's ghost (novice GnSk)
  7302 | D:6      | Found a staircase to the Ecumenical Temple.
  7305 | D:6      | Paralysed by Xiguana's ghost for 6 turns
  7314 | D:6      | Paralysed by Xiguana's ghost for 3 turns
  7314 | D:6      | Slain by Xiguana's ghost

Vault maps used:
D:1:      scummos_arrival_gate
D:2:      minmay_wonky_spiral, fedhas_altar_3, lemuel_flame_loot_1, uniq_jessica
D:3:      ashenzari_altar_1, moated_statue, uniq_robin
D:4:      grunt_temple_overflow_bloody_war, first_bread, uniq_menkaure,
          uniq_sigmund
D:5:      kennysheep_big_flooded_room, nemelex_xobeh_ov_fountains_minmay,
          uniq_ijyb, uniq_pikel
D:6:      minmay_flawed_box, overflow_temple_1_default,
          minmay_temple_entry_purple_smoke, lightli_sewer_entry_pipes,
          serial_shops, shop_coins, grunt_ministairs_9, minivault_25
Sewer:    sewer_co_cracked_pipes

Skill      XL: |  1  2  3  4  5  6  7  8 |
---------------+-------------------------+-----
Long Blades    | 4 5 6 7 8 |  8.9
Fighting       | 4 5 6 |  6.7
Throwing       | 1 2 3 4 |  4.3
Armour         | 3 4 5 6 |  6.0
Dodging        | 3 4 5 |  5.5

Action                   |  1- 3 |  4- 6 |  7- 9 || total
-------------------------+-------+-------+-------++-------
Melee: Falchion          |    55 |   189 |    43 ||   287
       Headbutt          |     7 |    39 |    37 ||    83
       Long sword        |       |       |   112 ||   112
Throw: Tomahawk          |       |       |     2 ||     2
Invok: Berserk           |     1 |     3 |     1 ||     5
       Trog's Hand       |       |       |     2 ||     2
  Use: Scroll            |       |       |     7 ||     7
 Stab: Sleeping          |       |     1 |       ||     1
  Eat: Chunk             |     2 |    13 |    10 ||    25
Armor: Animal skin       |     7 |    19 |     9 ||    35
       Leather armour    |       |       |    17 ||    17
Dodge: Dodged            |    39 |   131 |   102 ||   272
       Rpst.: Falchion   |     9 |    35 |     7 ||    51
       Long sword        |       |       |    15 ||    15

Table legend:
 A = Spawn XP
 B = Non-spawn XP
 C = Spawn XP percentage of total XP
 D = Spawn monster count
 E = Non-spawn monster count
 F = Spawn count percentage of total count
 G = Total turns spent on level
                    A         B        C        D         E        F      G
               +---------+---------+-------+---------+---------+-------+---------
         Total |       0 |    2630 |   0.0 |       0 |     154 |   0.0 |  7314
               +---------+---------+-------+---------+---------+-------+---------
           D:1 |       0 |      22 |   0.0 |       0 |      13 |   0.0 |   847
           D:2 |       0 |     230 |   0.0 |       0 |      34 |   0.0 |  2050
           D:3 |       0 |     361 |   0.0 |       0 |      42 |   0.0 |  1749
           D:4 |       0 |     526 |   0.0 |       0 |      18 |   0.0 |   921
           D:5 |       0 |    1246 |   0.0 |       0 |      17 |   0.0 |  1079
           D:6 |       0 |     207 |   0.0 |       0 |      16 |   0.0 |   406
         Sewer |       0 |      38 |   0.0 |       0 |      14 |   0.0 |   262
               +---------+---------+-------+---------+---------+-------+---------
